 Dungeon Sprint DCSS version 0.14-a0-3194-g0089908 (webtiles) character file.

12 Froboctopus the Firebug (level 2, -2/20 HPs)
             Began as a Lava Orc Fire Elementalist on Mar 11, 2014.
             Was an Initiate of Vehumet.
             Slain by a giant mite (4 damage)
             ... in the Dungeon (Sprint VII: "The Pits").
             The game lasted 00:00:41 (121 turns).

Froboctopus the Firebug (Lava Orc Fire Elementalist) Turns: 121, Time: 00:00:41

HP  -2/20        AC  2     Str 10      XL: 2   Next: 20%
MP   0/4         EV 12     Int 15      God: Vehumet [......]
Gold 0           SH  0     Dex 11      Spells:  1 memorised,  4 levels left

rFire  + + +     SeeInvis .     r - staff of energy
rCold  x . .     Clarity  .     a - +0 robe
rNeg   . . .     Conserve .     (no shield)
rPois  .         rCorr    .     (no helmet)
rElec  .         rRot     .     (no cloak)
SustAb . .       Spirit   .     (no gloves)
rMut   .         Warding  .     (no boots)
Saprov + . .     NoTele   +     (no amulet)
MR     .....                    (no ring)
                                (no ring)

@: not resistant to hostile enchantments, unstealthy
A: conserve scrolls, saprovore 1
a: Renounce Religion


You were in the Dungeon.
You worshipped Vehumet.
Vehumet was noncommittal.
You were not hungry.

You visited 1 branch

Inventory:

Hand weapons
 j - a +2,+2 dagger
Armour
 a - a +0 robe (worn)
Comestibles
 c - 8 meat rations
 k - 40 strawberries
 l - 7 bread rations
Scrolls
 i - a scroll of blinking
 n - 2 scrolls of vulnerability
 o - 3 scrolls of remove curse
 p - 5 scrolls of amnesia
 q - a scroll of summoning
Potions
 d - a potion of curing
 e - a potion of heal wounds
 f - a potion of speed
 g - 4 potions of magic
 h - 3 potions of berserk rage
 m - 2 potions of invisibility
Books
 b - a book of Flames

   Spells                             Type                      Level
   *Flame Tongue                      Conjuration/Fire             1
   Throw Flame                        Conjuration/Fire             2
   Conjure Flame                      Conjuration/Fire             3
   Inner Flame                        Hexes/Fire                   3
   Sticky Flame                       Conjuration/Fire             4
   Fireball                           Conjuration/Fire             5
Magical staves
 r - an uncursed staff of energy (weapon)


   Skills:
 - Level 1.5 Dodging
 - Level 1.5 Stealth
 + Level 2.2 Spellcasting
 * Level 3.3 Conjurations
 + Level 4.4 Fire Magic


You had 4 spell levels left.
You knew the following spells:

 Your Spells              Type           Power        Failure   Level  Hunger
a - Flame Tongue          Conj/Fire      ####.        6%          1    None


Dungeon Overview and Level Annotations

Branches:
Dungeon (1/1)

Altars:
Ashenzari
Cheibriados
Dithmenos
Elyvilon
Fedhas
Kikubaaqudgha
Makhleb
Nemelex Xobeh
Okawaru
Sif Muna
Trog
Vehumet
Xom
Yredelemnul
Zin
The Shining One
Beogh
Jiyva
Lugonu


Innate Abilities, Weirdness & Mutations

You have stony skin.
Your flesh is almost immune to the effects of heat.
Your fire spells are more powerful.
Your flesh is vulnerable to cold.
Your heat harms attackers.
You bathe your surroundings in blazing heat.
You are too hot to use scrolls.
You are very good at protecting items from fire.
You can tolerate rotten meat.


Message History

You feel a strong surge of power!
The flame hits the green rat.
The green rat is severely wounded.
The green rat is burned by your radiant heat.
You kill the green rat!
Vehumet accepts your kill.
Your Spellcasting skill increases to level 2!
Your Conjurations skill increases to level 3!
Your Fire Magic skill increases to level 4!
You have reached level 2!
Casting: Flame Tongue
Confirm with . or Enter, or press ? or * to list all spells.
You don't have enough magic to cast that spell.
Unknown command.
There is a staircase leading out of the dungeon here.
You hit the giant mite.
The giant mite is moderately wounded.
The giant mite is burned by your radiant heat.
The giant mite is heavily wounded.
The giant mite bites you.
You die...

#...........'...........
#+#####'#####......#..#.
#..# #............
+..'..#####'#####++
####+###.......#
#.......# #.......#
#..s<...# #..@....#
#.......# #.......#
#########


You could see a giant mite.

Vanquished Creatures
  A green rat (D)
  A bat (D)
  A goblin (D)
3 creatures vanquished.

Notes
Turn   | Place    | Note
--------------------------------------------------------------
     0 | D        | Froboctopus, the Lava Orc Fire Elementalist, began the quest for the Orb.
     0 | D        | Reached XP level 1. HP: 14/14 MP: 2/2
    65 | D        | Found a shadowy altar of Dithmenos.
    65 | D        | Found a bloodstained altar of Trog.
    65 | D        | Found a deep blue altar of Sif Muna.
    65 | D        | Found a shimmering altar of Xom.
    65 | D        | Found a sparkling altar of Nemelex Xobeh.
    65 | D        | Found a corrupted altar of Lugonu.
    65 | D        | Found a viscous altar of Jiyva.
    66 | D        | Found a basalt altar of Yredelemnul.
    66 | D        | Found a glowing golden altar of the Shining One.
    66 | D        | Found a shattered altar of Ashenzari.
    66 | D        | Found a white marble altar of Elyvilon.
    66 | D        | Found a snail-covered altar of Cheibriados.
    66 | D        | Found a blossoming altar of Fedhas.
    66 | D        | Found a radiant altar of Vehumet.
    66 | D        | Found a burning altar of Makhleb.
    66 | D        | Found an ancient bone altar of Kikubaaqudgha.
    66 | D        | Found a glowing silver altar of Zin.
    66 | D        | Found a roughly hewn altar of Beogh.
    66 | D        | Found an iron altar of Okawaru.
    73 | D        | Became a worshipper of Vehumet
   118 | D        | Reached skill level 4 in Fire Magic
   118 | D        | Reached XP level 2. HP: 2/20 MP: 0/4
   121 | D        | Slain by a giant mite

Action                   || total
-------------------------++-------
Melee: Staff             ||     4
 Cast: Flame Tongue      ||     6
